 Dungeon Crawl Stone Soup version 0.28.0-53-g5a82cb258f (webtiles) character file.

Game seed: 17181223763859696190

4421 Qrupt the Covert (level 10, -4/65 HPs)
             Began as an Octopode Earth Elementalist on July 24, 2022.
             Was a Follower of Vehumet.
             Slain by a gnoll sergeant
             ... wielding a +0 trident
              (12 damage)
             ... on level 8 of the Dungeon.
             The game lasted 00:25:00 (11490 turns).

Qrupt the Covert (Octopode Earth Elementalist)     Turns: 11490, Time: 00:25:01

Health: -4/65      AC:  1    Str:  7    XL:     10   Next: 36%
Magic:  15/19      EV: 19    Int: 20    God:    Vehumet [*.....]
Gold:   409        SH:  0    Dex: 15    Spells: 6/22 levels left

rFire   . . .      SeeInvis .   y - +4 halberd
rCold   . . .      Faith    .   (shield currently unavailable)
rNeg    . . .      Spirit   .   (helmet restricted)
rPois   .          Reflect  .   (no amulet)
rElec   .          Harm     .   d - +4 ring of evasion
rCorr   .          Rampage  .   (no ring)
Will    .....                   (no ring)
Stlth   ++++++....              (no ring)
HPRegen 0.20/turn               (no ring)
MPRegen 0.16/turn               (no ring)
                                (no ring)
                                (no ring)

@: no status effects
A: almost no armour, amphibious, 8 rings, camouflage 1, gelatinous body 1,
(nimble swimmer 1), tentacles
a: Renounce Religion


You were on level 8 of the Dungeon.
You worshipped Vehumet.
Vehumet was aware of your devotion.
You visited 2 branches of the dungeon, and saw 9 of its levels.
You also visited: Ossuary.

You collected 409 gold pieces.

Inventory:

Hand Weapons
 j - a +1 spear of freezing
 y - a +4 halberd (weapon)
Missiles
 b - 152 stones
 f - 17 poisoned darts (quivered)
Jewellery
 d - a +4 ring of evasion (left tentacle)
 D - a ring of wizardry
Wands
 r - a wand of iceblast (12)
Scrolls
 e - a scroll of immolation {unknown}
 g - 2 scrolls of vulnerability
 i - 2 scrolls of enchant weapon {unknown}
 k - a scroll of fog {unknown}
 m - a scroll of torment {unknown}
 t - a scroll of summoning
 u - a scroll of noise
 w - 3 scrolls of enchant armour {unknown}
 A - 2 scrolls of fear
 B - a scroll of holy word {unknown}
Potions
 a - 5 potions of curing
 c - a potion of brilliance {unknown}
 l - 3 potions of mutation
 n - 5 potions of might {unknown}
 o - a potion of attraction {unknown}
 p - 3 potions of degeneration
 q - 4 potions of flight
 s - a potion of haste {unknown}
 v - 2 potions of cancellation {unknown}
 x - 2 potions of ambrosia {unknown}
 C - 2 potions of berserk rage {unknown}


   Skills:
 + Level 4.7 Fighting
 + Level 0.8 Throwing
 + Level 4.8 Dodging
 + Level 11.0 Stealth
 + Level 6.5 Spellcasting
 - Level 3.0 Conjurations
 * Level 4.6 Transmutations
 + Level 6.7 Earth Magic
 + Level 1.2 Evocations


You had 6 spell levels left.
You knew the following spells:

 Your Spells              Type           Power      Damage    Failure   Level
a - Sandblast             Erth           66%        2d15      1%          1
b - Stone Arrow           Conj/Erth      50%        3d10      4%          3
c - Petrify               Tmut/Erth      29%        N/A       10%         4
d - Statue Form           Tmut/Erth      19%        N/A       83%         6
e - Passwall              Tmut/Erth      24%        N/A       1%          2

Your spell library contained the following spells:

 Spells                   Type           Power      Damage    Failure   Level
 Freeze                   Ice            24%        1d5       10%         1
 Magic Dart               Conj           72%        1d6       3%          1
 Call Imp                 Summ           6%         N/A       16%         2
 Mephitic Cloud           Conj/Pois/Air  10%        N/A       21%         3
 Metabolic Englaciation   Hex/Ice        3%         N/A       95%         5


Dungeon Overview and Level Annotations

Branches:
Dungeon (8/15)             Temple (1/1) D:6         Ossuary (visited)
   Lair: D:8-11

Altars:
Ashenzari
Cheibriados
Dithmenos
Elyvilon
Fedhas
Gozag
Hepliaklqana
Kikubaaqudgha
Makhleb
Nemelex Xobeh
Okawaru
Qazlal
Ru
Sif Muna
Trog
Uskayaw
Vehumet
Wu Jian
Xom
Yredelemnul
Zin
The Shining One

Shops:
D:7 *

Annotations:
D:8 Gastronok


Innate Abilities, Weirdness & Mutations

You cannot wear most types of armour.
You are amphibious.
You can wear up to eight rings at the same time.
Your skin changes colour to match your surroundings (Stealth+).
Your rubbery body absorbs attacks. (AC +1, EV +1)
((You are camouflaged when in or above water. (Stealth+)))
You have tentacles for arms and can constrict up to eight enemies at once.


Message History

Casting: Sandblast (safe; 1% risk of failure)
Confirm with . or Enter, or press ? or * to list all spells.
Aiming: Sandblast (safe; 1% risk of failure)
Press: ? - help, Shift-Dir - straight line, f - gnoll
Aim: a gnoll, wielding a +2 halberd of protection (84% to hit)
The blast of sand hits the gnoll but does no damage.
b - 155 stones A gnoll comes into view. It is wielding a +0 whip.
The gnoll completely misses you.
Casting: Sandblast (safe; 1% risk of failure)
Confirm with . or Enter, or press ? or * to list all spells.
Aiming: Sandblast (safe; 1% risk of failure)
Press: ? - help, Shift-Dir - straight line, f/p - gnoll
Aim: a gnoll, wielding a +2 halberd of protection (84% to hit)
The blast of sand misses the gnoll.
b - 154 stones The gnoll shouts!
The gnoll hits you from afar with a +2 halberd of protection!
Casting: Sandblast (safe; 1% risk of failure)
Confirm with . or Enter, or press ? or * to list all spells.
Aiming: Sandblast (safe; 1% risk of failure)
Press: ? - help, Shift-Dir - straight line, f/p - gnoll
Aim: a gnoll, wielding a +2 halberd of protection (84% to hit)
The blast of sand hits the gnoll.
The gnoll is moderately wounded.
b - 153 stones The gnoll hits you from afar with a +2 halberd of protection!
Casting: Sandblast (safe; 1% risk of failure)
Confirm with . or Enter, or press ? or * to list all spells.
Aiming: Sandblast (safe; 1% risk of failure)
Press: ? - help, Shift-Dir - straight line, f/p - gnoll
Aim: a gnoll, wielding a +2 halberd of protection (moderately wounded, 84% to hit)
The blast of sand hits the gnoll.
The gnoll is severely wounded.
b - 152 stones A gnoll comes into view. It is wielding a +0 spear.
The gnoll hits you from afar with a +2 halberd of protection!
* * * LOW HITPOINT WARNING * * *
The gnoll sergeant hits you from afar with a +0 trident!
You die...

#...# #...## #...##
#####...## ..........
#########$........##
####.........# #...#.
#...g.....# ####.....
.#...).@...# #...[...)
#g...[..r...# #........
......g.....#####........
.(......†................
##..g..†...w.####........
##..........####........
..............##........
...........##...........
##...............<.#.###


You could see Gastronok, a gnoll sergeant, 3 gnolls and a quokka (summoned).

Vanquished Creatures
  The ghost of Sableheart the Destroyer, a novice DrCj of Vehumet (D:6)
  A gargoyle (D:7)
  Sigmund (D:3)
  3 yaks (D:7)
  An acid dragon (D:7)
  2 orc warriors
  An ice beast (D:7)
  A black bear (D:3)
  2 ogres
  A phantom (D:6)
  3 centaurs (D:7)
  2 elf zombies
  4 bullfrogs
  A gnoll sergeant (D:6)
  A scorpion (D:5)
  2 elf skeletons (D:4)
  9 wights
  3 howler monkeys (D:8)
  4 centaur zombies
  A bullfrog zombie (D:5)
  A jelly (D:6)
  3 orc priests
  6 hounds
  A bullfrog skeleton (D:6)
  3 centaur skeletons
  An iguana (D:6)
  Crazy Yiuf (D:3)
  2 human skeletons (D:4)
  2 orc wizards (D:7)
  A killer bee zombie (D:5)
  A hound skeleton (D:5)
  2 mummies (Ossuary)
  8 adders
  5 gnolls
  2 howler monkey skeletons
  A river rat (D:6)
  3 shadow imps
  2 ufetubi
  3 adder zombies (Ossuary)
  An adder skeleton (D:3)
  A worm (D:3)
  2 dart slugs
  15 orcs
  5 ball pythons
  5 bats
  2 endoplasms
  4 giant cockroaches
  6 goblins
  6 hobgoblins
  3 quokkas
  5 frilled lizards
  A goblin zombie (Ossuary)
  10 hobgoblin zombies (Ossuary)
  6 kobolds
  11 kobold zombies (Ossuary)
  An orc skeleton (D:4)
  8 orc zombies (Ossuary)
  8 rats
  A rat zombie (Ossuary)
193 creatures vanquished.

Vanquished Creatures (others)
  An orc (D:7)
1 creature vanquished.

Grand Total: 194 creatures vanquished

Notes
Turn   | Place    | Note
-------+----------+-------------------------------------------
     0 | D:1      | Qrupt the Octopode Earth Elementalist began the quest for
                  | the Orb.
     0 | D:1      | Reached XP level 1. HP: 11/11 MP: 3/3
   552 | D:1      | Reached XP level 2. HP: 8/17 MP: 5/5
   822 | D:1      | Reached skill level 3 in Stealth
   877 | D:1      | Reached skill level 1 in Fighting
   921 | D:1      | Reached XP level 3. HP: 21/23 MP: 6/6
  1882 | D:2      | Reached XP level 4. HP: 28/28 MP: 7/7
  2133 | D:3      | Found a runed translucent door.
  2134 | D:3      | Noticed Crazy Yiuf
  2161 | D:3      | Reached skill level 4 in Stealth
  2253 | D:3      | Noticed Sigmund
  2265 | D:3      | Killed Sigmund
  2266 | D:3      | Reached skill level 5 in Stealth
  2266 | D:3      | Reached XP level 5. HP: 34/34 MP: 7/9
  2293 | D:3      | Reached skill level 6 in Stealth
  2371 | D:3      | Reached XP level 6. HP: 34/39 MP: 10/10
  2754 | D:3      | Found a faded altar of an unknown god.
  3023 | D:3      | Learned a level 3 spell: Stone Arrow
  3041 | D:3      | Killed Crazy Yiuf
  3101 | D:4      | Noticed an orc warrior
  3367 | D:4      | Reached skill level 7 in Stealth
  3392 | D:4      | Found a sand-covered staircase.
  3403 | D:4      | Reached skill level 8 in Stealth
  3403 | D:4      | Reached XP level 7. HP: 27/45 MP: 5/11
  3449 | Ossuary  | Entered an ossuary
  4307 | D:4      | Reached XP level 8. HP: 51/51 MP: 13/13
  4347 | D:4      | Found an ornate altar of the Wu Jian Council.
  4436 | D:3      | Reached skill level 9 in Stealth
  4436 | D:3      | Reached skill level 1 in Conjurations
  4670 | D:4      | Reached skill level 1 in Evocations
  5439 | D:5      | Entered Level 5 of the Dungeon
  6310 | D:5      | Reached skill level 10 in Stealth
  7181 | D:6      | Found a runed translucent door.
  7216 | D:6      | Reached skill level 5 in Earth Magic
  7216 | D:6      | Reached XP level 9. HP: 8/57 MP: 13/15
  8069 | D:6      | Found a staircase to the Ecumenical Temple.
  8098 | Temple   | Entered the Ecumenical Temple
  8401 | Temple   | Became a worshipper of Vehumet
  8533 | D:6      | Found a runed translucent door.
  8534 | D:6      | Noticed Sableheart's ghost (novice DrCj)
  8827 | D:6      | Killed Sableheart's ghost
  8828 | D:6      | Reached skill level 5 in Spellcasting
  9395 | D:7      | Found Fyrazyo's Assorted Antiques.
  9625 | D:7      | Reached XP level 10. HP: 33/65 MP: 0/18
 10124 | D:7      | Noticed a gargoyle
 10127 | D:7      | HP: 3/65 [something/magic dart (7)]
 10854 | D:7      | Killed a gargoyle
 11124 | D:7      | Reached * piety under Vehumet
 11124 | D:7      | Offered knowledge of Freeze by Vehumet.
 11355 | D:7      | Learned a level 4 spell: Petrify
 11362 | D:7      | Learned a level 6 spell: Statue Form
 11365 | D:7      | Learned a level 2 spell: Passwall
 11444 | D:8      | Reached skill level 11 in Stealth
 11481 | D:8      | Noticed Gastronok
 11490 | D:8      | Slain by a gnoll sergeant

Illustrated notes

Levels and vault maps discovered:
D:1:      nicolae_arrival_washed_ashore, layout_basic,
          chequers_serial_rivers_small_a
D:2:      layout_basic, nrook_uturn
D:3:      layout_loops_cross, shapermc_ecumenical_altar_venn,
          nicolae_elevator_lobby_plus, uniq_sigmund, uniq_crazy_yiuf_cottage
D:4:      layout_loops_ring, nzn_wu_jian_council_hall,
          nicolae_ossuary_entry_catacombs
D:5:      layout_cave_pods
D:6:      layout_basic, minmay_temple_entry_drinking_statues,
          ebering_ghost_sewer_f
D:7:      minmay_spotlight, layout_basic, serial_shops,
          nicolae_shop_behind_doors, kennysheep_generic_room_13
D:8:      layout_rooms, uniq_gastronok, uniq_pikel
Temple:   roderic_octagonal_lattice_temple

Skill      XL: |  1  2  3  4  5  6  7  8  9 10 |
---------------+-------------------------------+-----
Stealth        | 3 5 6 8 10 11 | 11.0
Fighting       | 1 2 3 4 |  4.7
Spellcasting   | 3 4 5 6 |  6.5
Earth Magic    | 4 5 6 |  6.7
Dodging        | 3 4 |  4.8
Conjurations   | 3 |  3.0
Evocations     | 1 |  1.2
Transmutations | 4 |  4.6
Throwing       | |  0.8

Action                   |  1- 3 |  4- 6 |  7- 9 | 10-12 || total
-------------------------+-------+-------+-------+-------++-------
Melee: Spear             |    61 |    95 |   126 |       ||   282
       Tentacles         |    10 |    14 |    50 |    12 ||    86
       Unarmed           |     3 |       |       |       ||     3
       Constrict         |    13 |    16 |    48 |     7 ||    84
       Punch             |       |     2 |     5 |     1 ||     8
       Halberd           |       |       |   117 |    52 ||   169
Throw: Dart              |       |       |     3 |     8 ||    11
 Cast: Sandblast         |     8 |     7 |    78 |    14 ||   107
       Stone Arrow       |       |       |    21 |    13 ||    34
Evoke: Wand              |       |     3 |     8 |       ||    11
  Use: Scroll            |       |     3 |     1 |     6 ||    10
       Potion            |       |       |     3 |     1 ||     4
 Stab: Sleeping          |     7 |    16 |    23 |     2 ||    48
       Distracted        |     1 |       |     2 |     1 ||     4
       Paralysed         |       |     6 |    10 |       ||    16
Armor: Skin              |     1 |     1 |    11 |     2 ||    15
Dodge: Dodged            |    31 |    32 |   227 |    95 ||   385
